 Dungeon Sprint DCSS version 0.22-a0-785-g6253c82ace (webtiles) character file.

986 Htamos the Fighter (level 8, -1/106 HPs)
             Began as an Ogre Fighter on July 20, 2018.
             Was a Follower of Cheibriados.
             Slain by a red devil
             ... wielding a +0 trident
             ... summoned by a kobold demonologist
              (14 damage)
             ... in the Dungeon (Sprint I: "Red Sonja").
             The game lasted 00:02:28 (920 turns).

Htamos the Fighter (Ogre Fighter)                    Turns: 920, Time: 00:02:29

Health: -1/106     AC:  3    Str: 23    XL:     8   Next: 18%
Magic:  5/8        EV:  8    Int: 11    God:    Cheibriados [*.....]
Gold:   421        SH:  9    Dex: 12    Spells: 7/7 levels left

rFire    . . .     SeeInvis .   a - +0 flail
rCold    . . .     Gourm    .   c - +0 shield
rNeg     . . .     Faith    .   b - +0 robe
rPois    .         Spirit   .   (helmet restricted)
rElec    .         Reflect  .   (no cloak)
rCorr    .         Harm     .   (gloves unavailable)
MR       .....     NoTele   +   (boots unavailable)
Stlth    +.........             (no amulet)
HPRegen  0.27/turn              (no ring)
MPRegen  0.11/turn              (no ring)

@: very slow
A: large, unfitting armour, tough skin 1
a: Bend Time, Renounce Religion


You were in the Dungeon.
You worshipped Cheibriados.
Cheibriados was aware of your devotion.
You were not hungry.

You visited 1 branch You collected 421 gold pieces.

Inventory:

Hand Weapons
 a - a +0 flail (weapon)
 g - a +0 giant club
Armour
 b - a +0 robe (worn)
 c - a +0 shield (worn)
Scrolls
 k - a scroll of blinking
 l - 2 scrolls of remove curse {unknown}
Potions
 h - a potion of haste
 i - 2 potions of magic
Comestibles
 f - a ration


   Skills:
 * Level 14.8 Fighting
 + Level 11.9 Maces & Flails
 - Level 2.6 Dodging
 - Level 2.6 Shields


You had 7 spell levels left.
You didn't know any spells.
Your spell library was empty.

Dungeon Overview and Level Annotations

Branches:
Dungeon (1/1)

Altars:
Cheibriados
Dithmenos
Elyvilon
Fedhas
Gozag
Hepliaklqana
Kikubaaqudgha
Makhleb
Nemelex Xobeh
Okawaru
Qazlal
Ru
Sif Muna
Trog
Uskayaw
Vehumet
Wu Jian
Xom
Yredelemnul
Zin
The Shining One
Jiyva
Lugonu

Shops:
D :


Innate Abilities, Weirdness & Mutations

You are too large for most types of armour.
You have tough skin. (AC +1)


Message History

The red devil hits you from afar with a trident!!
* * * LOW HITPOINT WARNING * * *
You closely miss the kobold demonologist.
The kobold demonologist is moderately wounded.
The kobold demonologist mumbles some strange words.
The red devil closely misses you.
You feel better.
The kobold demonologist hits you with a dagger.
* * * LOW HITPOINT WARNING * * *
The red devil hits you from afar with a trident!
* * * LOW HITPOINT WARNING * * *
The flow of time bends around you.
The kobold demonologist resists with some effort.
You feel slightly more hungry.
Cheibriados lowers the support of your attributes as your movement quickens.
The kobold demonologist hits you but does no damage.
You closely miss the kobold demonologist.
The kobold demonologist is moderately wounded.
The red devil hits you from afar with a trident!
You die...

######################
..'..#..'..#__#.@K)..#
..#..').#..'..'..#43.#
####'#####'#__####§..+
###..#...#.#### ####
__####..##.#
_____##'#_.+
_.∩...'..._#
_..__##_.#'#
_____###+#.#


You could see a kobold demonologist, a ynoxinul and a red devil.

Vanquished Creatures
  A kobold demonologist (D)
  A slime creature (D)
  Sigmund (D)
  A yak (D)
  A floating eye (D)
  An ogre (D)
  A jelly (D)
  Ijyb (D)
8 creatures vanquished.

Notes
Turn   | Place    | Note
-------+----------+-------------------------------------------
     0 | D        | Htamos the Ogre Fighter began the quest for the Orb.
     0 | D        | Reached XP level 1. HP: 24/24 MP: 1/1
     5 | D        | Noticed Ijyb
    24 | D        | Killed Ijyb
    24 | D        | Reached skill level 5 in Fighting
    24 | D        | Reached XP level 2. HP: 17/36 MP: 2/2
    24 | D        | Reached XP level 3. HP: 20/44 MP: 3/3
   193 | D        | Noticed an ogre
   201 | D        | Killed an ogre
   201 | D        | Reached skill level 7 in Fighting
   201 | D        | Reached XP level 4. HP: 46/57 MP: 4/4
   335 | D        | Noticed Sigmund
   347 | D        | Killed Sigmund
   347 | D        | Reached skill level 10 in Fighting
   347 | D        | Reached XP level 5. HP: 48/68 MP: 5/5
   347 | D        | Reached XP level 6. HP: 56/78 MP: 6/6
   453 | D        | Found an ornate altar of the Wu Jian Council.
   453 | D        | Found a deep blue altar of Sif Muna.
   455 | D        | Found a radiant altar of Vehumet.
   490 | D        | Found Medumm's Book Emporium.
   490 | D        | Found an ancient bone altar of Kikubaaqudgha.
   490 | D        | Found a hazy altar of Hepliaklqana.
   490 | D        | Found a hide-covered altar of Uskayaw.
   490 | D        | Found a basalt altar of Yredelemnul.
   490 | D        | Found an opulent altar of Gozag.
   490 | D        | Found a snail-covered altar of Cheibriados.
   490 | D        | Found a sacrificial altar of Ru.
   490 | D        | Found a shadowy altar of Dithmenos.
   490 | D        | Noticed a yak
   491 | D        | Found a stormy altar of Qazlal.
   491 | D        | Found a blossoming altar of Fedhas.
   491 | D        | Found a bloodstained altar of Trog.
   491 | D        | Found an iron altar of Okawaru.
   491 | D        | Found a glowing golden altar of the Shining One.
   491 | D        | Found a glowing silver altar of Zin.
   491 | D        | Found a white marble altar of Elyvilon.
   506 | D        | Killed a yak
   506 | D        | Reached skill level 11 in Fighting
   506 | D        | Reached skill level 10 in Maces & Flails
   507 | D        | Found a sparkling altar of Nemelex Xobeh.
   513 | D        | Became a worshipper of Cheibriados the Contemplative
   639 | D        | Found a viscous altar of Jiyva.
   639 | D        | Found a corrupted altar of Lugonu.
   639 | D        | Noticed a slime creature
   640 | D        | Found a burning altar of Makhleb.
   640 | D        | Found a shimmering altar of Xom.
   653 | D        | Killed a slime creature
   653 | D        | Reached skill level 13 in Fighting
   653 | D        | Reached XP level 7. HP: 37/93 MP: 7/7
   884 | D        | Noticed a kobold demonologist
   885 | D        | Noticed a kobold demonologist
   887 | D        | Reached * piety under Cheibriados
   896 | D        | Noticed an orange demon
   907 | D        | Noticed an ice devil
   909 | D        | Noticed a red devil
   909 | D        | Killed a kobold demonologist
   909 | D        | Reached skill level 14 in Fighting
   909 | D        | Reached XP level 8. HP: 69/106 MP: 8/8
   918 | D        | Noticed a ynoxinul
   920 | D        | Slain by a red devil

Vault maps used:
D:        dungeon_sprint_1

Skill      XL: |  1  2  3  4  5  6  7 |
---------------+----------------------+-----
Fighting       | 5 7 10 13 14 | 14.8
Maces & Flails | 4 6 9 11 | 11.9
Dodging        | |  2.6
Shields        | |  2.6

Action                   |  1- 3 |  4- 6 |  7- 9 || total
-------------------------+-------+-------+-------++-------
Melee: Flail             |    22 |    40 |    32 ||    94
Invok: Bend Time         |       |       |     1 ||     1
  Use: Potion            |     2 |     1 |     1 ||     4
Armor: Robe              |     2 |     3 |     9 ||    14
Dodge: Dodged            |     5 |     8 |    12 ||    25
Block: Shield            |    11 |     7 |    17 ||    35

Table legend:
 A = Spawn XP
 B = Non-spawn XP
 C = Spawn XP percentage of total XP
 D = Spawn monster count
 E = Non-spawn monster count
 F = Spawn count percentage of total count
 G = Total turns spent on level
                    A         B        C        D         E        F      G
               +---------+---------+-------+---------+---------+-------+---------
         Total |       0 |    1409 |   0.0 |       0 |       8 |   0.0 |   920
               +---------+---------+-------+---------+---------+-------+---------
             D |       0 |    1409 |   0.0 |       0 |       8 |   0.0 |   920
               +---------+---------+-------+---------+---------+-------+---------
